 Dungeon Crawl Stone Soup version 0.27-a0-1502-g47ed6a6988 (webtiles) character file.

Game seed: 11502894358408989606

56 lunkers the Insei (level 4, -1/33 HPs)
             Began as a Djinni Warper on July 8, 2021.
             Slain by an iron imp (5 damage)
             ... summoned by Natasha
             ... on level 2 of the Dungeon.
             The game lasted 00:01:51 (1730 turns).

lunkers the Insei (Djinni Warper)                   Turns: 1730, Time: 00:01:52

Health: -1/33      AC:  5    Str: 11    XL:     4   Next: 15%
Gold:   62         EV: 10    Int: 15    God:
                   SH:  0    Dex: 12

rFire    + + .     SeeInvis .     - Unarmed
rCold    x . .     Faith    .   (no shield)
rNeg     . . .     Spirit   .   i - +0 ring mail
rPois    ∞         Reflect  .   (no helmet)
rElec    .         Harm     .   (no cloak)
rCorr    .         Rampage  .   (no gloves)
Will     .....                  (boots unavailable)
Stlth    +.........             (no amulet)
HPRegen  0.11/turn              (no ring)
MPRegen  0.00/turn              (no ring)

@: flying, slowed, very slow
A: sickness immunity, fire resistance 2, cold vulnerability 1, float, innate
caster, hp casting, extra vitality 1
a: no special abilities


You were on level 2 of the Dungeon.
You visited 1 branch of the dungeon, and saw 2 of its levels.

You collected 62 gold pieces.

Inventory:

Missiles
 c - 5 boomerangs of dispersal
 d - 2 atropa-tipped darts
Armour
 a - a +0 leather armour
 i - a +0 ring mail (worn)
Scrolls
 b - a scroll of blinking
 e - a scroll of identify {unknown}
 f - 2 scrolls of immolation {unknown}
 g - a scroll of enchant weapon {unknown}
 h - a scroll of torment {unknown}


   Skills:
 - Level 2.0 Fighting
 - Level 0.7 Throwing
 - Level 1.0 Armour
 - Level 2.1 Dodging
 * Level 4.1 Unarmed Combat
 - Level 2.4 Spellcasting


You couldn't memorise any spells.
You knew the following spells:

 Your Spells              Type           Power      Damage    Failure   Level
b - Lesser Beckoning      Tloc           4%         N/A       50%         3
c - Gell's Gravitas       Tloc           4%         N/A       50%         3
d - Teleport Other        Tloc           9%         N/A       50%         3
e - Manifold Assault      Tloc           9%         N/A       99%         5
p - Blink                 Tloc           N/A        N/A       28%         2
q - Animate Skeleton      Necr           18%        N/A       19%         1
Your spell library was empty.

Dungeon Overview and Level Annotations

Branches:
Dungeon (2/15)

Altars:

Annotations:
D:2 Natasha


Innate Abilities, Weirdness & Mutations

You are immune to sickness and miasma.
You are immune to poison.
Your flesh is very heat resistant. (rF++)
You are vulnerable to cold. (rC-)
You float through the air rather than walking.
You learn spells naturally, not from books.
Your magical power is your life essence.
You have superior vitality. (+4 HP)


Message History

You hit Natasha but do no damage.
Natasha is lightly wounded.
Natasha claws you but does no damage. Natasha claws you.
You hit Natasha.
Natasha is moderately wounded.
Natasha closely misses you.
You barely miss Natasha.
Natasha is moderately wounded.
Natasha extends her claws.
Natasha claws you but does no damage.
You hit Natasha.
Natasha is severely wounded.
Natasha mumbles some strange words.
Natasha claws you.
You hit Natasha but do no damage.
Natasha is severely wounded.
Natasha claws you.
* * * LOW HITPOINT WARNING * * *
The iron imp misses you.
You hit Natasha.
Natasha is almost dead.
Natasha closely misses you. The iron imp hits you.
* * * LOW HITPOINT WARNING * * *
You completely miss Natasha.
Natasha is almost dead.
Natasha barely misses you. Natasha claws you.
* * * LOW HITPOINT WARNING * * *
The iron imp hits you but does no damage.
You closely miss Natasha.
Natasha is almost dead.
Natasha claws you.
* * * LOW HITPOINT WARNING * * *
The iron imp hits you.
* * * LOW HITPOINT WARNING * * *
You closely miss Natasha.
Natasha is almost dead.
Natasha casts a spell at you.
You feel as though you will be slow longer.
The iron imp hits you.
You die...

#..........#.#
####.#####... #.# #..###
#.# #.# #####...##..#
..# ......#....# #.. ..
......###..# #.# ...
......##..## #.# ...
.##.##....### #h##.#
.......##...####@...##.
..#.#######.##.5.......#
.##.# #.##........## .
#.# #........$..# #.
###.........#
#..........##
#...##...^...# #.##
#.......# .. #######.#


You could see an iron imp (summoned) and Natasha.

Vanquished Creatures
  A centaur skeleton (D:2)
  A dart slug (D:1)
  3 endoplasms (D:1)
  A giant cockroach (D:1)
  2 goblins (D:1)
  2 hobgoblins (D:1)
  4 jackals (D:1)
  3 quokkas (D:1)
  2 ball pythons (D:1)
  2 bats
  A frilled lizard (D:1)
  A kobold (D:1)
  2 rats (D:1)
25 creatures vanquished.

Notes
Turn   | Place    | Note
-------+----------+-------------------------------------------
     0 | D:1      | lunkers the Djinni Warper began the quest for the Orb.
     0 | D:1      | Reached XP level 1. HP: 18/18 MP: 0/0
   289 | D:1      | Reached XP level 2. HP: 9/23 MP: 0/0
   847 | D:1      | Reached skill level 3 in Unarmed Combat
  1024 | D:1      | Reached XP level 3. HP: 25/28 MP: 0/0
  1024 | D:1      | Learned a level 1 spell: Animate Skeleton
  1657 | D:2      | Reached skill level 4 in Unarmed Combat
  1657 | D:2      | Reached XP level 4. HP: 32/33 MP: 0/0
  1714 | D:2      | Noticed Natasha
  1730 | D:2      | Slain by an iron imp

Illustrated notes

Levels and vault maps discovered:
D:1:      saegor_arrival_simple_a, layout_basic, hangedman_glass_teeth,
          hangedman_decor_riveting
D:2:      layout_rooms, shapermc_ecumenical_altar_totnotflames, basic_altar,
          nrook_loot_triangle, uniq_natasha

Skill      XL: |  1  2  3 |
---------------+----------+-----
Unarmed Combat | 3 4 |  4.1
Fighting       | |  2.0
Throwing       | |  0.7
Armour         | |  1.0
Dodging        | |  2.1
Spellcasting   | |  2.4

Action                   |  1- 3 |  4- 6 || total
-------------------------+-------+-------++-------
Melee: Unarmed           |   105 |    14 ||   119
       Punch             |     2 |       ||     2
Armor: Leather armour    |    27 |       ||    27
       Ring mail         |    11 |     4 ||    15
Dodge: Dodged            |    60 |    10 ||    70

Table legend: (Time is in decaauts)
 A = Elapsed time spent in this place.
 B = Non-inter-level travel time spent in this place.
 C = Inter-level travel time spent in this place.
 D = Time resting spent in this place.
 E = Time spent auto-exploring this place.
 F = Levels seen in this place.
 G = Mean time per level.
                   A        B        C        D        E       F      G
               +--------+--------+--------+--------+--------+-----+--------+
         Total |   1729 |   1679 |     50 |    426 |   1019 |   2 |  864.5 |
       Dungeon |   1729 |   1679 |     50 |    426 |   1019 |   2 |  864.5 |
               +--------+--------+--------+--------+--------+-----+--------+

Top non-repeatable levels by time:
     D:1: 1637 daAuts
     D:2: 92 daAuts
